 Dungeon Crawl Stone Soup version 0.31-a0-204-g7da18cac08 (webtiles) character file.

Game seed: 17791218119472857830

206 Datul the Chopper (level 5, -1/49 HPs)
             Began as a Naga Fighter on June 27, 2023.
             Slain by an iguana (5 damage)
             ... on level 4 of the Dungeon.
             The game lasted 00:07:25 (2276 turns).

Datul the Chopper (Naga Fighter)                    Turns: 2276, Time: 00:07:26

Health: -1/49      AC:  6    Str: 20    XL:     5   Next: 84%
Magic:  5/5        EV:  7    Int:  8    God:
Gold:   159        SH:  4    Dex: 11    Spells: 4/4 levels left

rFire   . . .        a - +0 broad axe
rCold   . . .        c - +0 buckler
rNeg    . . .        o - +0 scale mail
rPois   +            (no helmet)
rElec   .            (no cloak)
rCorr   .            l - +0 pair of gloves
SInv    +            (no barding)
Will    .....        (no amulet) Stlth
                     (no ring)
HPRegen 0.28/turn    (no ring)
MPRegen 0.09/turn

%: no passive effects
@: short of breath, very slow
A: AC +1, large, see invisible, deformed body, poison resistance, slowness 2,
spit poison 1, naga tail 1
a: Spit Poison


You were on level 4 of the Dungeon.
You visited 2 branches of the dungeon, and saw 5 of its levels.

You collected 159 gold pieces.

Inventory:

Hand Weapons
 a - a +0 broad axe (weapon)
 b - a +0 sling
 e - a +0 war axe
Armour
 c - a +0 buckler (worn)
 l - a +0 pair of gloves (worn)
 o - a +0 scale mail (worn)
Scrolls
 f - 2 scrolls of teleportation {unknown}
 g - a scroll of blinking {unknown}
 h - a scroll of enchant weapon {unknown}
 i - 2 scrolls of noise
 j - 2 scrolls of enchant armour {unknown}
 m - 2 scrolls of amnesia {unknown}
 q - a scroll of immolation {unknown}
 r - a scroll of identify {unknown}
 t - a scroll of fear {unknown}
 u - a scroll of vulnerability {unknown}
Potions
 d - a potion of might
 k - a potion of ambrosia {unknown}
 n - a potion of resistance {unknown}
 p - a potion of experience {unknown}
 s - a potion of haste {unknown}


   Skills:
 - Level 3.0 Fighting
 + Level 5.9 Axes
 - Level 2.4 Armour
 - Level 2.6 Shields


You had 4 spell levels left.
You didn't know any spells.
Your spell library was empty.

Dungeon Overview and Level Annotations

Branches:
Dungeon (4/15) Zot: 20954  Temple (1/1) D:4 Zot: 5943

Altars:
Ashenzari
Cheibriados
Dithmenos
Elyvilon
Gozag
Ru
Sif Muna
Trog
Uskayaw
Wu Jian
Xom
Yredelemnul
Zin
The Shining One

Shops:
D:1 :


Innate Abilities, Weirdness & Mutations

Your serpentine skin is tough. (AC +1)
You have supernaturally acute eyesight. (SInv)
Armour fits poorly on your strangely shaped body.
Your system is resistant to poisons. (rPois)
You cover ground very slowly.
You can spit poison.
You have a snake-like lower body.


Message History

The iguana bites you but does no damage.
You slash the iguana!
The iguana is severely wounded.
The iguana bites you!
You take 11 damage, and have 23/49 hp.
MASSIVE DAMAGE!!
You are too injured to fight recklessly!
You are too injured to fight recklessly!
You are too injured to fight recklessly!
You are too injured to fight recklessly!
You barely miss the iguana.
The iguana is severely wounded.
The iguana bites you but does no damage.
The iguana bites you!
* * * LOW HITPOINT WARNING * * *
You take 7 damage, and have 16/49 hp.
You hit the iguana.
The iguana is severely wounded.
The iguana bites you.
* * * LOW HITPOINT WARNING * * *
You take 3 damage, and have 13/49 hp.
You closely miss the iguana.
The iguana is severely wounded.
The iguana bites you.
* * * LOW HITPOINT WARNING * * *
You take 4 damage, and have 9/49 hp.
You barely miss the iguana.
The iguana is severely wounded.
The iguana bites you.
* * * LOW HITPOINT WARNING * * *
The iguana bites you.
* * * LOW HITPOINT WARNING * * *
You take 5 damage, and have 4/49 hp.
Aiming: Spit Poison (1% risk of failure)
Press: ? - help, Shift-Dir - straight line, f - iguana
Aim: an iguana (severely wounded, 65% to hit)
The splash of poison hits the iguana but does no damage.
The iguana is poisoned.
The iguana is severely wounded.
The iguana bites you.
You die...

#.....###########'###
...................#
..................#
..................#
.................#
.................####
#......######.....#
#......l....#.....+
#......#@...#.....#
#......#....+.....#
##...l..###)##.....###
#............†...>....
#.....................
#.....................
#.....................
+.....................
#.....................


You could see an iguana (poisoned).

Vanquished Creatures
  A hound (D:2)
  A jelly (D:3)
  A sleepcap (D:4)
  6 adders
  A worm (D:2)
  A dart slug (D:4)
  9 ball pythons
  5 bats
  6 endoplasms
  6 giant cockroaches
  6 goblins
  3 hobgoblins
  A quokka (D:1)
  4 kobolds
  10 rats
61 creatures vanquished.

Notes
Turn   | Place    | Note
-------+----------+-------------------------------------------
     0 | D:1      | Datul the Naga Fighter began the quest for the Orb.
     0 | D:1      | Reached XP level 1. HP: 21/21 MP: 1/1
   160 | D:1      | Reached XP level 2. HP: 27/28 MP: 2/2
   222 | D:1      | Found Voolog's Book Shoppe.
   256 | D:1      | Reached skill level 3 in Axes
   440 | D:1      | Reached XP level 3. HP: 33/34 MP: 3/3
  1001 | D:2      | Reached skill level 4 in Axes
  1198 | D:2      | Reached XP level 4. HP: 42/42 MP: 4/4
  1554 | D:3      | Reached skill level 5 in Axes
  1554 | D:3      | Reached XP level 5. HP: 46/49 MP: 5/5
  1580 | D:3      | Found a broken altar of Ashenzari.
  1764 | D:3      | Found a snail-covered altar of Cheibriados.
  1885 | D:3      | Found a white marble altar of Elyvilon.
  1927 | D:3      | You fall into a shaft and drop 1 floor!
  1971 | D:4      | Found a staircase to the Ecumenical Temple.
  1978 | Temple   | Entered the Ecumenical Temple
  2276 | D:4      | Slain by an iguana

Illustrated notes

Levels and vault maps discovered:
D:1:      dpeg_arrival_pond, layout_loops_ring, serial_shops, shop,
          minmay_domino_2
D:2:      minmay_angry_zag, layout_rooms, serial_corexii_hall,
          corexii_hall_statues_x, chequers_hall_statues_wall_a,
          chequers_hall_statues_y, chequers_hall_statues_y,
          corexii_hall_statues_l, chequers_hall_statues_y
D:3:      layout_loops_ring, cheibriados_altar_1, lemuel_round_altar,
          mainiacjoe_overflow_small_starburst, serial_forest,
          infiniplex_forest_straight_5, infiniplex_forest_straight_3,
          infiniplex_forest_lined_4_way, infiniplex_forest_side_room,
          infiniplex_forest_pool, infiniplex_forest_straight_1
D:4:      layout_gridville, mainiacjoe_overflow_chevrons,
          minmay_temple_entry_overgrown
Temple:   nicolae_temple_ecumenical_triangle

Skill      XL: |  1  2  3  4 |
---------------+-------------+-----
Axes           | 3 4 5 |  5.9
Fighting       | |  3.0
Armour         | |  2.4
Shields        | |  2.6

Action                     |  1- 3 |  4- 6 || total
---------------------------+-------+-------++-------
  Melee: War axe           |    14 |       ||    14
         Broad axe         |   125 |    70 ||   195
   Fire: Sling             |       |     9 ||     9
Ability: Spit Poison       |       |     1 ||     1
    Use: Scroll            |     1 |       ||     1
 Armour: Scale mail        |    76 |    43 ||   119
  Dodge: Dodged            |    56 |    31 ||    87
  Block: Buckler           |    33 |    13 ||    46

Table legend: (Time is in decaauts)
 A = Elapsed time spent in this place.
 B = Non-inter-level travel time spent in this place.
 C = Inter-level travel time spent in this place.
 D = Time resting spent in this place.
 E = Time spent auto-exploring this place.
 F = Levels seen in this place.
 G = Mean time per level.
                   A        B        C        D        E       F      G
               +--------+--------+--------+--------+--------+-----+--------+
         Total |   3101 |   2960 |    141 |    148 |   2118 |   5 |  620.2 |
       Dungeon |   3044 |   2911 |    133 |    148 |   2118 |   4 |  761.0 |
        Temple |     56 |     48 |      8 |      0 |      0 |   1 |   56.0 |
               +--------+--------+--------+--------+--------+-----+--------+

Top non-repeatable levels by time:
     D:2: 1198 daAuts
     D:1: 928 daAuts
     D:3: 593 daAuts
     D:4: 324 daAuts
  Temple: 56 daAuts
